 Dungeon Crawl Stone Soup version 0.29-a0-233-g1125b37a9b (webtiles) character file.

Game seed: 13128305525930586146

2807 PaleWalker the Cleaver (level 9, -9/83 HPs)
             Began as a Hill Orc Fighter on Mar 2, 2022.
             Was a Priest of the Shining One.
             Mangled by an orc warrior
             ... wielding a +0 glaive
              (12 damage)
             ... on level 6 of the Dungeon.
             The game lasted 00:16:09 (6658 turns).

PaleWalker the Cleaver (Hill Orc Fighter)           Turns: 6658, Time: 00:16:09

Health: -9/83      AC: 11    Str: 23    XL:     9   Next: 72%
Magic:  6/9        EV:  6    Int:  8    God:    the Shining One [***...]
Gold:   258        SH: 15    Dex: 10    Spells: 8/8 levels left

rFire   + . .      SeeInvis +   a - +0 war axe
rCold   + . .      Faith    .   d - +0 kite shield
rNeg    + . .      Spirit   .   y - +0 chain mail
rPois   .          Reflect  .   o - +0 helmet
rElec   .          Harm     .   C - scarf {rC+ rF+}
rCorr   .          Rampage  .   (no gloves)
Will    +....                   (no boots)
Stlth   ..........              (no amulet)
HPRegen 0.23/turn               e - ring of willpower
MPRegen 0.11/turn               s - ring of see invisible

@: divinely shielded, glowing
A: no striking features
a: Renounce Religion, Divine Shield, Cleansing Flame


You were on level 6 of the Dungeon.
You worshipped the Shining One.
The Shining One was most pleased with you.
You visited 1 branch of the dungeon, and saw 6 of its levels.
You also visited: Ossuary.

You collected 363 gold pieces.
You spent 105 gold pieces at shops.

Inventory:

Hand Weapons
 a - a +0 war axe (weapon)
 x - a +3 flail
Missiles
 N - 3 boomerangs (quivered)
Armour
 b - a +0 cloak
 c - a +0 buckler
 d - a +0 kite shield (worn)
 o - a +0 helmet (worn)
 y - a +0 chain mail (worn)
 B - a +0 plate armour
 C - a scarf of resistance (worn)
Jewellery
 e - a ring of willpower (left hand)
 s - a ring of see invisible (right hand)
 I - an amulet of reflection
 L - a ring of magical power
Wands
 w - a wand of iceblast (9)
 P - a wand of paralysis (12)
Scrolls
 f - 4 scrolls of teleportation {unknown}
 g - a scroll of brand weapon {unknown}
 h - 3 scrolls of enchant armour
 i - 2 scrolls of fog {unknown}
 j - 2 scrolls of immolation {unknown}
 m - 3 scrolls of noise {unknown}
 n - 8 scrolls of identify {unknown}
 q - 3 scrolls of blinking {unknown}
 u - 2 scrolls of vulnerability {unknown}
 v - 2 scrolls of magic mapping {unknown}
 D - a scroll of silence {unknown}
 G - a scroll of fear {unknown}
 K - a scroll of amnesia {unknown}
Potions
 k - 3 potions of resistance {unknown}
 l - 3 potions of degeneration {unknown}
 p - a potion of invisibility {unknown}
 r - 5 potions of curing
 t - 2 potions of flight {unknown}
 z - 2 potions of haste {unknown}
 A - 2 potions of mutation {unknown}
 E - a potion of heal wounds {unknown}
 F - 2 potions of attraction {unknown}
 H - a potion of ambrosia {unknown}
 J - a potion of berserk rage
 M - 2 potions of lignification {unknown}
 O - a potion of brilliance {unknown}


   Skills:
 + Level 9.3 Fighting
 * Level 11.0 Axes
 - Level 6.2 Armour
 + Level 6.7 Shields


You had 8 spell levels left.
You didn't know any spells.
Your spell library contained the following spells:

 Spells                   Type           Power      Damage    Failure   Level
 Apportation              Tloc           0%         N/A       100%        1
 Magic Dart               Conj           0%         1d3       100%        1
 Blink                    Tloc           0%         N/A       100%        2
 Call Imp                 Summ           0%         N/A       100%        2
 Sublimation of Blood     Necr           0%         N/A       100%        2
 Mephitic Cloud           Conj/Pois/Air  0%         N/A       100%        3
 Summon Guardian Golem    Hex/Summ       0%         N/A       100%        3
 Petrify                  Tmut/Erth      0%         N/A       100%        4
 Irradiate                Conj/Tmut      0%         3d13      100%        5
 Manifold Assault         Tloc           0%         N/A       100%        5
 Orb of Destruction       Conj           0%         9d5       100%        7
 Spellforged Servitor     Conj/Summ      0%         N/A       100%        7
 Storm Form               Tmut/Air       0%         N/A       100%        7


Dungeon Overview and Level Annotations

Branches:
Dungeon (6/15)             Temple (0/1) D:5         Ossuary (visited)

Altars:
Gozag
Kikubaaqudgha
Makhleb
Sif Muna
Uskayaw
Vehumet
Zin
The Shining One

Shops:
D:3 ?   D:5 *   D:6 ((


Message History

The orc warrior hits you with a +0 glaive!
You block the orc warrior's attack.
You are too injured to fight recklessly!
You are too injured to fight recklessly!
You are too injured to fight recklessly!
You hit the orc warrior.
The orc warrior is lightly wounded.
The orc warrior hits you with a +0 glaive.
You barely miss the orc warrior.
The orc warrior is lightly wounded.
The orc warrior hits you with a +0 glaive!
* * * LOW HITPOINT WARNING * * *
Your shield is strengthened by the Shining One's divine power.
You block the orc warrior's attack.
You hit the orc warrior.
The orc warrior is moderately wounded.
You block the orc warrior's attack.
You barely miss the orc warrior.
The orc warrior is moderately wounded.
You block the orc warrior's attack.
You barely miss the orc warrior.
The orc warrior is moderately wounded.
The orc warrior hits you with a +0 glaive!
* * * LOW HITPOINT WARNING * * *
You hit the orc warrior but do no damage.
The orc warrior is moderately wounded.
The orc warrior hits you with a +0 glaive!
* * * LOW HITPOINT WARNING * * *
You hit the orc warrior but do no damage.
The orc warrior is moderately wounded.
The orc warrior hits you with a +0 glaive!
The Shining One protects you from harm!
Unknown command.
You hit the orc warrior.
The orc warrior is moderately wounded.
You block the orc warrior's attack.
You slash the orc warrior!
The orc warrior is heavily wounded.
The orc warrior hits you with a +0 glaive!
You die...

#### ..# #####.## #
#......# #.#..#...###
### #.#........# ..^##
#.........##.....#
.#.#
###.#.##..@$......#...
#.......'o..∩...#..#
###.###.'.......#..#
#.# ####.....##..###
#.# #.##./.##.....#
#.# #..#####......#
#.# #.............#
###.# #.#.###.......#
#...# #.#.###.......#


You could see an orc warrior.

Vanquished Creatures
  Sigmund (D:2)
  Menkaure (D:4)
  Edmund (D:4)
  A sky beast (D:6)
  3 phantoms
  A bullfrog (D:6)
  A gnoll sergeant (D:6)
  17 scorpions
  3 howler monkeys
  A centaur zombie (Ossuary)
  2 human zombies (Ossuary)
  2 gnoll shamans
  A hound (D:6)
  A jelly (D:6)
  Ijyb (D:3)
  Jessica (D:2)
  4 iguanas
  An orc wizard (D:4)
  6 scorpion zombies (Ossuary)
  3 mummies (Ossuary)
  Robin (D:4)
  13 gnolls
  4 adders
  A white imp (D:6)
  2 ufetubi
  2 worms
  4 dart slugs
  5 orcs
  2 ball pythons
  3 bats
  7 endoplasms
  5 giant cockroaches
  19 goblins
  10 hobgoblins
  5 jackals (D:3)
  6 kobolds
  2 quokkas (D:1)
  3 frilled lizards (D:2)
  4 gnoll zombies (Ossuary)
  3 goblin zombies (Ossuary)
  2 orc zombies (Ossuary)
  5 rats
160 creatures vanquished.

Vanquished Creatures (others)
  4 fungi (D:5)
4 creatures vanquished.

Grand Total: 164 creatures vanquished

Notes
Turn   | Place    | Note
-------+----------+-------------------------------------------
     0 | D:1      | PaleWalker the Hill Orc Fighter began the quest for the
                  | Orb.
     0 | D:1      | Reached XP level 1. HP: 19/19 MP: 1/1
    62 | D:1      | Reached skill level 3 in Axes
    92 | D:1      | Reached XP level 2. HP: 27/27 MP: 2/2
   301 | D:1      | Reached skill level 4 in Axes
   385 | D:1      | Reached XP level 3. HP: 29/33 MP: 3/3
   672 | D:2      | Noticed Sigmund
   681 | D:2      | Killed Sigmund
   682 | D:2      | Reached skill level 5 in Fighting
   682 | D:2      | Reached skill level 6 in Axes
   682 | D:2      | Reached XP level 4. HP: 4/42 MP: 4/4
   682 | D:2      | Reached XP level 5. HP: 5/48 MP: 5/5
  1186 | D:2      | Noticed Jessica
  1196 | D:2      | Killed Jessica
  1550 | D:2      | Reached XP level 6. HP: 56/56 MP: 6/6
  1738 | D:3      | Found a faded altar of an unknown god.
  1836 | D:3      | Found Picrugia's Magic Scroll Emporium.
  2088 | D:3      | Found a glowing golden altar of the Shining One.
  2098 | D:3      | Became a worshipper of the Shining One
  2496 | D:4      | Reached skill level 7 in Axes
  2553 | D:4      | Noticed Menkaure
  2569 | D:4      | Killed Menkaure
  2776 | D:4      | Noticed Ijyb
  2852 | D:4      | Noticed Edmund
  2897 | D:4      | Noticed Robin
  2921 | D:3      | Reached skill level 8 in Axes
  2936 | D:3      | Reached XP level 7. HP: 62/63 MP: 7/7
  2950 | D:3      | Killed Ijyb
  2997 | D:4      | Killed Robin
  3143 | D:4      | Noticed a +0 spear
  3143 | D:4      | Noticed a +0 short sword
  3146 | D:4      | Noticed a +0 spear
  3147 | D:4      | Noticed a +0 falchion
  3147 | D:4      | Noticed a +0 dagger
  3148 | D:4      | Noticed a +0 short sword
  3148 | D:4      | Noticed a +0 dagger
  3148 | D:4      | Noticed a +0 falchion
  3167 | D:4      | Found a hide-covered altar of Uskayaw.
  3223 | D:4      | Reached * piety under the Shining One
  3334 | D:4      | Killed Edmund
  3376 | D:4      | Found an ancient bone altar of Kikubaaqudgha.
  3385 | D:4      | Reached skill level 5 in Shields
  3408 | D:4      | Found a shimmering blue altar of Sif Muna.
  3410 | D:4      | Found a radiant altar of Vehumet.
  3415 | D:4      | Got Sif Muna's Guide on Translocation
  3543 | D:5      | Entered Level 5 of the Dungeon
  3597 | D:5      | Found Xostame's General Store.
  3605 | D:5      | Reached XP level 8. HP: 57/71 MP: 8/8
  3623 | D:5      | Bought a potion of curing for 30 gold pieces
  3623 | D:5      | Bought a scroll of enchant armour for 75 gold pieces
  3732 | D:5      | Found an opulent altar of Gozag.
  3831 | D:5      | Found a glowing silver altar of Zin.
  4038 | D:5      | Reached skill level 5 in Armour
  4456 | D:5      | Found a burning altar of Makhleb.
  4587 | D:5      | Found a staircase to the Ecumenical Temple.
  4674 | D:6      | Found Deosiu Vyko's Weapon Emporium.
  5114 | D:6      | Found a sand-covered staircase.
  5119 | Ossuary  | Entered an ossuary
  5239 | Ossuary  | Reached ** piety under the Shining One
  5243 | Ossuary  | Reached skill level 9 in Axes
  5243 | Ossuary  | Reached XP level 9. HP: 37/82 MP: 9/9
  6007 | Ossuary  | Reached skill level 10 in Axes
  6060 | Ossuary  | Reached *** piety under the Shining One
  6637 | D:6      | Found Opacsuac's Antique Weapon Emporium.
  6647 | D:6      | Reached skill level 11 in Axes
  6655 | D:6      | HP: 2/83 [orc warrior/+0 glaive (8)]
  6656 | D:6      | The Shining One protects you from harm!
  6658 | D:6      | Mangled by an orc warrior

Illustrated notes

Levels and vault maps discovered:
D:1:      roderic_crop_circles_arrival_small, layout_basic, serial_glass,
          glass_columns_a, glass_columns_c, glass_columns_a, glass_columns_b,
          glass_columns_a, glass_columns_b, glass_columns_a, glass_columns_b
D:2:      layout_loops_ring, nrook_uturn, minmay_misc_feat_x, uniq_sigmund,
          uniq_jessica
D:3:      layout_basic, mainiacjoe_overflow_alcove_4, serial_shops, shop,
          nicolae_ecumenical_pavilion
D:4:      layout_cave_pools, grunt_temple_overflow_magic_moments,
          nicolae_uskayaw_en_pointe, uniq_menkaure, uniq_ijyb, uniq_edmund,
          uniq_robin
D:5:      layout_loops_cross, mainiacjoe_overflow_chevrons,
          nicolae_gozag_seed_capital, lemuel_doored_altar,
          lemuel_temple_firewalk_b, serial_shops, shop_coins
D:6:      layout_loops_cross, enter_ossuary_2, serial_shops, nicolae_shop_trees,
          kennysheep_windowed_goal

Skill      XL: |  1  2  3  4  5  6  7  8  9 |
---------------+----------------------------+-----
Axes           | 3 4 6 8 9 11 | 11.0
Fighting       | 4 5 6 8 9 |  9.3
Shields        | 5 6 |  6.7
Armour         | 6 |  6.2

Action                   |  1- 3 |  4- 6 |  7- 9 || total
-------------------------+-------+-------+-------++-------
Melee: War axe           |    41 |   131 |   284 ||   456
Throw: Boomerang         |       |       |     1 ||     1
Invok: Divine Shield     |       |       |     1 ||     1
Evoke: Wand              |       |       |     4 ||     4
  Use: Potion            |     1 |       |     1 ||     2
Armor: Scale mail        |    17 |    43 |    47 ||   107
       Chain mail        |       |       |    89 ||    89
Dodge: Dodged            |    10 |    78 |    86 ||   174
Block: Buckler           |     8 |    33 |    44 ||    85
       Kite shield       |       |       |    84 ||    84

Table legend: (Time is in decaauts)
 A = Elapsed time spent in this place.
 B = Non-inter-level travel time spent in this place.
 C = Inter-level travel time spent in this place.
 D = Time resting spent in this place.
 E = Time spent auto-exploring this place.
 F = Levels seen in this place.
 G = Mean time per level.
                   A        B        C        D        E       F      G
               +--------+--------+--------+--------+--------+-----+--------+
         Total |   6763 |   6521 |    242 |    794 |   4389 |   7 |  966.1 |
       Dungeon |   5586 |   5344 |    242 |    225 |   4003 |   6 |  931.0 |
       Ossuary |   1177 |   1177 |      0 |    569 |    386 |   1 | 1177.0 |
               +--------+--------+--------+--------+--------+-----+--------+

Top non-repeatable levels by time:
 Ossuary: 1177 daAuts
     D:2: 1141 daAuts
     D:5: 1087 daAuts
     D:3: 920 daAuts
     D:4: 914 daAuts
     D:6: 894 daAuts
     D:1: 628 daAuts
